 Dungeon Crawl Stone Soup version 0.31-a0-865-g3d5d91748a (webtiles) character file.

Game seed: 1693023649155395976

421 LeprechaunX the Changeling (level 6, -10/61 HPs)
             Began as an Octopode Shapeshifter on Oct 10, 2023.
             Mangled by Menkaure (12 damage)
             ... on level 4 of the Dungeon.
             The game lasted 00:03:10 (2437 turns).

LeprechaunX the Changeling (Octopode Shapeshifter)  Turns: 2437, Time: 00:03:10

Health: -10/61     AC: 23    Str: 15    XL:     6   Next: 94%
Magic:  6/6        EV:  2    Int: 13    God:
Gold:   205        SH:  0    Dex: 11    Spells: 5/5 levels left

rFire   . . .        a - +1 scythe (vamp)
rCold   . . .        (shield currently unavailable)
rNeg    . . .        (helmet currently unavailable)
rPois   +            (no amulet)
rElec   .            (no ring)
rCorr   .            (no ring)
SInv    .            (no ring)
Will    +....        (no ring)
Stlth   +            (no ring)
HPRegen 0.30/turn    (no ring)
MPRegen 0.10/turn    (no ring)
                     (no ring)

%: no passive effects
@: tree-form, enlightened
A: stationary, stasis, torment immunity, boosted hp, almost no armour,
(amphibious), 8 rings, (camouflage 1), (gelatinous body 1), (nimble swimmer 1),
(tentacles)
a: no special abilities


You were on level 4 of the Dungeon.
You were a tree.
You visited 1 branch of the dungeon, and saw 4 of its levels.

You collected 205 gold pieces.

Inventory:

Hand Weapons
 a - a +1 vampiric scythe (weapon)
 p - a +0 sling
Missiles
 k - 6 javelins
 l - 2 throwing nets
Jewellery
 j - an amulet of magic regeneration
 r - a ring of willpower
 u - a ring of resist corrosion
Talismans
 b - a beast talisman
 c - a flux talisman
Wands
 q - a wand of polymorph (12)
Scrolls
 g - 2 scrolls of fear {unknown}
 i - 4 scrolls of identify {unknown}
 m - 3 scrolls of teleportation {unknown}
 o - a scroll of vulnerability {unknown}
 t - a scroll of silence {unknown}
 v - a scroll of amnesia {unknown}
 w - a scroll of noise {unknown}
 x - a scroll of immolation {unknown}
 y - a scroll of poison {unknown}
Potions
 d - 6 potions of curing {unknown}
 e - 4 potions of haste {unknown}
 f - a potion of attraction {unknown}
 n - a potion of lignification
 s - a potion of degeneration {unknown}
 z - 2 potions of magic {unknown}


   Skills:
 + Level 2.9 Fighting
 + Level 3.6 Dodging
 + Level 4.2 Unarmed Combat
 * Level 5.0 Shapeshifting


You had 5 spell levels left.
You didn't know any spells.
Your spell library contained the following spells:

 Spells                   Type           Power      Damage    Failure   Level
 Summon Small Mammal      Summ           0%         N/A       30%         1
 Call Canine Familiar     Summ           0%         N/A       67%         3
 Summon Guardian Golem    Hex/Summ       0%         N/A       67%         3


Dungeon Overview and Level Annotations

Branches:
Dungeon (4/15)             Temple (0/1) D:4

Altars:

Annotations:
D:4 Menkaure


Innate Abilities, Weirdness & Mutations

You are a tree.
Your roots penetrate the ground, keeping you stationary.
You cannot be teleported.
You are immune to unholy pain and torment.
Your maximum health is greatly increased.
You cannot wear most types of armour.
((You are amphibious.))
You can wear up to eight rings at the same time.
((Your skin changes colour to match your surroundings (Stealth+).))
((Your rubbery body absorbs attacks. (AC +1, EV +1)))
((You are camouflaged when in or above water. (Stealth+)))
((You have tentacles for arms and can constrict up to eight enemies at once.))


Message History

Found 9 stones.
Found 7 stones.
No target in view!
No target in view!
No target in view!
No target in view!
No target in view!
Menkaure, Prince of Dust comes into view.
Menkaure is nearby!
Menkaure is nearby!
Menkaure is nearby!
Menkaure is nearby!
Found a staircase to the Ecumenical Temple.
Menkaure shouts!
You hear a shout!
Menkaure says, "Why can't you leave me to my rest?"
Menkaure calls on the powers of darkness!
Your body is wracked with pain!
You reach to attack!
You barely miss Menkaure. You barely miss Menkaure. Your grab misses Menkaure.
Menkaure hits you!
* * * LOW HITPOINT WARNING * * *
You are too injured to fight recklessly!
You are too injured to fight recklessly!
You are too injured to fight recklessly!
It was a potion of enlightenment.
You feel very buoyant.
You fly up into the air.
Menkaure gestures at you while chanting.
You resist with some effort.
Your transformation has ended.
You turn into a tree.
Your roots penetrate the ground.
Menkaure casts a spell.
Menkaure seems to speed up.
You barely miss Menkaure. Menkaure hits you!
* * * LOW HITPOINT WARNING * * *
A goblin comes into view. It is wielding a +0 club.
Menkaure hits you but does no damage.
You barely miss Menkaure. Menkaure hits you.
* * * LOW HITPOINT WARNING * * *
Menkaure hits you!
You die...

#..####..
#.....#.. ..
####..#.. .⌠.
#..#.###...
#..#.......
#..#..⌠..>.
#####..#.......
..........###
##.#.....♣g.#
#.......M.#
##...........
##....##.####
##.#.. .. .####
.## .# . .# .


You could see Menkaure (fast) and a goblin.

Vanquished Creatures
  Sigmund (D:2)
  A howler monkey (D:4)
  A hound (D:4)
  An iguana (D:4)
  An orc wizard (D:4)
  4 adders
  An ufetubus (D:4)
  3 dart slugs
  2 worms
  9 orcs
  4 ball pythons
  7 bats
  3 endoplasms
  7 giant cockroaches
  8 goblins
  8 hobgoblins
  3 jackals
  5 quokkas
  3 frilled lizards
  7 kobolds
  7 rats
86 creatures vanquished.

Notes
Turn   | Place    | Note
-------+----------+-------------------------------------------
     0 | D:1      | LeprechaunX the Octopode Shapeshifter began the quest for
                  | the Orb.
     0 | D:1      | Reached XP level 1. HP: 13/13 MP: 1/1
    93 | D:1      | Reached XP level 2. HP: 15/18 MP: 2/2
   774 | D:2      | Reached XP level 3. HP: 20/23 MP: 3/3
   843 | D:2      | Noticed Sigmund
   857 | D:2      | Killed Sigmund
   858 | D:2      | Reached skill level 4 in Shapeshifting
   858 | D:2      | Reached XP level 4. HP: 18/30 MP: 4/4
   858 | D:2      | Reached XP level 5. HP: 21/35 MP: 5/5
  1215 | D:2      | You fall into a shaft and drop 2 floors!
  1230 | D:4      | Reached XP level 6. HP: 37/41 MP: 6/6
  1954 | D:3      | Reached skill level 5 in Shapeshifting
  2427 | D:4      | Noticed Menkaure
  2430 | D:4      | Found a staircase to the Ecumenical Temple.
  2436 | D:4      | HP: 3/61 [Menkaure (7)]
  2437 | D:4      | Mangled by Menkaure

Illustrated notes

Levels and vault maps discovered:
D:1:      saegor_arrival_simple_b, layout_loops_cross
D:2:      layout_basic, chequers_serial_rivers_large_a, uniq_sigmund
D:3:      layout_rooms
D:4:      layout_loops_ring, minmay_temple_entry_junction_2, serial_shops, shop,
          minmay_close_crescents, uniq_menkaure

Skill      XL: |  1  2  3  4  5  6 |
---------------+-------------------+-----
Fighting       | 2 |  2.9
Dodging        | 3 |  3.6
Shapeshifting  | 4 5 |  5.0
Unarmed Combat | 4 |  4.2

Action                     |  1- 3 |  4- 6 || total
---------------------------+-------+-------++-------
  Melee: Unarmed           |    40 |       ||    40
         Constrict         |    10 |    22 ||    32
         Tentacles         |     5 |    15 ||    20
         Punch             |     1 |       ||     1
         Halberd           |       |   106 ||   106
    Use: Potion            |     1 |     2 ||     3
   Stab: Sleeping          |     4 |    11 ||    15
 Armour: Skin              |    15 |    48 ||    63
  Dodge: Dodged            |    16 |    56 ||    72

Table legend: (Time is in decaauts)
 A = Elapsed time spent in this place.
 B = Non-inter-level travel time spent in this place.
 C = Inter-level travel time spent in this place.
 D = Time resting spent in this place.
 E = Time spent auto-exploring this place.
 F = Levels seen in this place.
 G = Mean time per level.
                   A        B        C        D        E       F      G
               +--------+--------+--------+--------+--------+-----+--------+
         Total |   2487 |   2306 |    181 |    117 |   1732 |   4 |  621.8 |
       Dungeon |   2487 |   2306 |    181 |    117 |   1732 |   4 |  621.8 |
               +--------+--------+--------+--------+--------+-----+--------+

Top non-repeatable levels by time:
     D:2: 921 daAuts
     D:1: 769 daAuts
     D:3: 420 daAuts
     D:4: 376 daAuts
